[ AOE2 MATCH · #463166286 ]
Team RMJapanese vs Sicilians
[ REPLAY ANALYSIS · EXTRACTED FROM THE RECORDED GAME ]
Feudal
13:52
Castle
23:42
Imperial
37:56
| APM avg | 8.8 |
| APM peak | 23 |
| eAPM avg | 6.6 |
| Villagers / military | 86 / 143 |
Focus
⚔️ 35.7% · 🌾 64.3%
Spearman ×40 · Samurai ×39 · Hand Cannoneer ×23 · Militia ×20 · Trade Cart ×18 · Skirmisher ×15
Feudal
14:35
Castle
19:12
Imperial
35:49
| APM avg | 13.3 |
| APM peak | 51 |
| eAPM avg | 11.5 |
| Villagers / military | 123 / 227 |
Focus
⚔️ 41.7% · 🌾 58.3%
Spearman ×104 · Knight ×98 · Trade Cart ×17 · War Elephant ×12 · Trebuchet (Packed) ×10 · Monk ×3
Feudal
10:21
Castle
20:01
Imperial
43:57
| APM avg | 15.6 |
| APM peak | 45 |
| eAPM avg | 12.2 |
| Villagers / military | 142 / 130 |
Focus
⚔️ 35.3% · 🌾 64.7%
War Elephant ×127 · Spearman ×3
Feudal
12:47
Castle
19:48
Imperial
39:23
| APM avg | 25.3 |
| APM peak | 52 |
| eAPM avg | 13.1 |
| Villagers / military | 129 / 278 |
Focus
⚔️ 29.0% · 🌾 71.0%
Archer ×80 · Skirmisher ×62 · Hussite Wagon ×61 · Spearman ×55 · Trade Cart ×18 · Bombard Cannon ×15
Feudal
—
Castle
—
Imperial
—
| APM avg | 22.7 |
| APM peak | 51 |
| eAPM avg | 13.0 |
| Villagers / military | 74 / 191 |
Focus
⚔️ 46.1% · 🌾 53.9%
Skirmisher ×122 · Archer ×41 · Jaguar Warrior ×13 · Trebuchet (Packed) ×7 · Mangonel ×4 · Battering Ram ×3
Feudal
11:38
Castle
25:14
Imperial
38:56
| APM avg | 24.1 |
| APM peak | 56 |
| eAPM avg | 12.9 |
| Villagers / military | 78 / 264 |
Focus
⚔️ 31.6% · 🌾 68.4%
Cavalry Archer ×80 · Spearman ×68 · Skirmisher ×50 · Militia ×39 · Kipchak ×14 · Scorpion ×6
Feudal
11:44
Castle
18:59
Imperial
36:17
| APM avg | 15.0 |
| APM peak | 46 |
| eAPM avg | 10.8 |
| Villagers / military | 150 / 103 |
Focus
⚔️ 20.8% · 🌾 79.2%
Knight ×92 · Trade Cart ×18 · Petard ×5 · Monk ×3 · Trebuchet (Packed) ×3
Feudal
10:09
Castle
20:23
Imperial
39:15
| APM avg | 19.7 |
| APM peak | 52 |
| eAPM avg | 14.1 |
| Villagers / military | 145 / 510 |
Focus
⚔️ 40.0% · 🌾 60.0%
Serjeant ×310 · Spearman ×200
Match map
Resources at game start + every placement click. Thick line = wall · dashed box = detected house wall. 🟡 gold · ⚪ stone · 🟢 berries · 🔶 boar · ⭕ relic
Inputs per minute
— Vae Victis - - Zhukov
Build order — Vae Victis
First 150 of 236 actions detected
| 0:20 | Build | House |
| 0:21 | Build | House |
| 0:28 | Create | Villager (Male) |
| 0:28 | Research | Loom |
| 0:29 | Create | Villager (Male) |
| 0:29 | Create | Villager (Male) |
| 1:17 | Create | Villager (Male) |
| 2:10 | Create | Villager (Male) |
| 3:02 | Create | Villager (Male) |
| 3:51 | Create | Villager (Male) |
| 3:52 | Create | Villager (Male) |
| 3:53 | Create | Villager (Male) |
| 4:59 | Create | Villager (Male) |
| 5:01 | Create | Villager (Male) |
| 5:01 | Create | Villager (Male) |
| 5:21 | Build | House |
| 5:22 | Build | House |
| 6:52 | Create | Villager (Male) |
| 6:53 | Create | Villager (Male) |
| 6:53 | Create | Villager (Male) |
| 6:54 | Create | Villager (Male) |
| 6:55 | Create | Villager (Male) |
| 8:25 | Build | Mill |
| 8:37 | Create | Villager (Male) |
| 8:37 | Create | Villager (Male) |
| 8:38 | Create | Villager (Male) |
| 8:38 | Create | Villager (Male) |
| 9:20 | Create | Villager (Male) |
| 9:20 | Create | Villager (Male) |
| 9:20 | Create | Villager (Male) |
| 9:32 | Build | House |
| 9:38 | Build | House |
| 10:47 | Build | Lumber Camp |
| 11:19 | Build | Mining Camp |
| 11:42 | Research | Feudal Age |
| 13:52 | Age | Feudal Age |
| 13:58 | Create | Villager (Male) |
| 13:59 | Create | Villager (Male) |
| 14:03 | Research | Horse Collar |
| 14:07 | Research | Double-Bit Axe |
| 14:48 | Create | Villager (Male) |
| 14:48 | Create | Villager (Male) |
| 15:18 | Build | Farm |
| 15:21 | Build | Farm |
| 15:22 | Build | Farm |
| 15:25 | Build | Farm |
| 15:26 | Build | Farm |
| 15:28 | Build | Farm |
| 15:31 | Build | Farm |
| 15:32 | Build | Farm |
| 15:34 | Build | Farm |
| 15:38 | Build | Farm |
| 15:40 | Build | Farm |
| 15:41 | Build | Farm |
| 15:42 | Build | Farm |
| 15:44 | Build | Farm |
| 15:45 | Build | Farm |
| 15:47 | Build | Farm |
| 15:54 | Create | Villager (Male) |
| 15:54 | Create | Villager (Male) |
| 15:54 | Create | Villager (Male) |
| 15:55 | Create | Villager (Male) |
| 16:40 | Build | House |
| 16:41 | Build | House |
| 16:57 | Create | Villager (Male) |
| 17:29 | Build | Mining Camp |
| 17:40 | Create | Villager (Male) |
| 17:41 | Create | Villager (Male) |
| 17:48 | Build | House |
| 18:51 | Build | Blacksmith |
| 18:57 | Create | Villager (Male) |
| 18:57 | Create | Villager (Male) |
| 19:21 | Build | Market |
| 19:35 | Create | Villager (Male) |
| 19:35 | Create | Villager (Male) |
| 19:43 | Build | Barracks |
| 20:06 | Research | Gold Mining |
| 20:12 | Research | Stone Mining |
| 20:17 | Create | Villager (Male) |
| 20:46 | Build | Archery Range |
| 21:00 | Research | Castle Age |
| 21:10 | Build | House |
| 21:57 | Build | Blacksmith |
| 22:24 | Build | House |
| 22:44 | Create | Trade Cart |
| 22:45 | Create | Trade Cart |
| 22:45 | Create | Trade Cart |
| 22:46 | Create | Trade Cart |
| 22:46 | Create | Trade Cart |
| 23:08 | Build | Market |
| 23:22 | Build | Barracks |
| 23:40 | Create | Villager (Male) |
| 23:40 | Create | Villager (Male) |
| 23:41 | Create | Villager (Male) |
| 23:41 | Create | Villager (Male) |
| 23:41 | Create | Villager (Male) |
| 23:42 | Age | Castle Age |
| 24:38 | Build | Town Center |
| 24:46 | Research | Man-at-Arms (upgrade) |
| 24:52 | Research | Squires |
| 25:00 | Build | Barracks |
| 25:03 | Build | Barracks |
| 25:05 | Build | Barracks |
| 25:15 | Research | Forging |
| 25:19 | Research | Scale Mail Armor |
| 25:32 | Create | Militia ×5 |
| 25:36 | Create | Militia ×5 |
| 25:49 | Research | Long Swordsman (upgrade) |
| 26:20 | Research | Gambesons |
| 26:26 | Create | Militia ×5 |
| 26:28 | Create | Militia ×5 |
| 26:54 | Build | Castle |
| 27:00 | Research | Iron Casting |
| 27:24 | Research | Chain Mail Armor |
| 28:30 | Research | Wheelbarrow |
| 28:34 | Research | Town Watch |
| 29:24 | Create | Trade Cart ×5 |
| 29:25 | Create | Trade Cart ×4 |
| 29:31 | Create | Villager (Male) ×5 |
| 29:33 | Create | Villager (Male) |
| 29:34 | Create | Villager (Male) |
| 29:50 | Create | Villager (Male) |
| 30:10 | Create | Villager (Male) |
| 30:10 | Create | Villager (Male) |
| 30:10 | Create | Villager (Male) |
| 31:10 | Build | Siege Workshop |
| 32:04 | Research | Arson |
| 34:28 | Build | Castle |
| 34:38 | Build | University |
| 34:42 | Research | Fletching |
| 34:46 | Research | Imperial Age |
| 34:52 | Research | Hand Cart |
| 34:57 | Build | Farm |
| 35:01 | Research | Heavy Plow |
| 35:24 | Research | Ballistics |
| 35:35 | Build | Mining Camp |
| 35:58 | Research | Caravan |
| 36:09 | Research | Bow Saw |
| 36:26 | Research | Masonry |
| 37:17 | Research | Bodkin Arrow |
| 37:25 | Research | Fortified Wall (upgrade) |
| 37:56 | Age | Imperial Age |
| 37:59 | Create | Trebuchet (Packed) |
| 38:01 | Create | Trebuchet (Packed) |
| 38:24 | Build | Castle |
| 38:38 | Research | Conscription |
| 38:43 | Research | Arrowslits |
| 39:25 | Research | Bracer |
| 40:08 | Research | Kataparuto |
| 41:15 | Build | Town Center |
Build order — Zhukov
First 150 of 534 actions detected
| 0:07 | Research | Loom |
| 0:08 | Create | Villager (Male) |
| 0:08 | Create | Villager (Male) |
| 0:08 | Create | Villager (Male) |
| 0:08 | Create | Villager (Male) |
| 0:09 | Create | Villager (Male) |
| 0:09 | Create | Villager (Male) |
| 0:18 | Build | House |
| 1:19 | Build | House |
| 2:19 | Build | House |
| 2:40 | Create | Villager (Male) |
| 3:00 | Build | House |
| 3:13 | Build | Mill |
| 3:17 | Create | Villager (Male) |
| 4:11 | Create | Villager (Male) |
| 4:40 | Create | Villager (Male) |
| 4:42 | Create | Villager (Male) |
| 5:10 | Create | Villager (Male) |
| 5:32 | Create | Villager (Male) |
| 5:43 | Build | House |
| 6:00 | Create | Villager (Male) |
| 6:21 | Build | House |
| 6:49 | Build | Lumber Camp |
| 6:58 | Create | Villager (Male) |
| 6:58 | Create | Villager (Male) |
| 6:58 | Create | Villager (Male) |
| 6:59 | Create | Villager (Male) |
| 6:59 | Create | Villager (Male) |
| 6:59 | Create | Villager (Male) |
| 7:00 | Create | Villager (Male) |
| 8:48 | Create | Villager (Male) |
| 8:48 | Create | Villager (Male) |
| 8:49 | Create | Villager (Male) |
| 8:50 | Create | Villager (Male) |
| 9:03 | Build | House |
| 10:00 | Create | Villager (Male) |
| 10:00 | Create | Villager (Male) |
| 10:02 | Create | Villager (Male) |
| 10:03 | Create | Villager (Male) |
| 10:35 | Build | Farm |
| 10:40 | Build | Farm |
| 10:46 | Build | Farm |
| 11:18 | Build | House |
| 12:27 | Research | Feudal Age |
| 13:10 | Build | House |
| 13:15 | Build | House |
| 14:27 | Build | House |
| 14:35 | Age | Feudal Age |
| 14:43 | Build | Blacksmith |
| 14:48 | Build | Market |
| 15:20 | Build | House |
| 15:40 | Build | Mining Camp |
| 16:00 | Build | House |
| 16:15 | Build | Mining Camp |
| 16:47 | Research | Castle Age |
| 16:57 | Build | Farm |
| 17:02 | Build | House |
| 17:07 | Build | Farm |
| 17:12 | Build | Farm |
| 17:17 | Build | Farm |
| 17:22 | Build | Farm |
| 17:28 | Build | Farm |
| 17:36 | Build | Farm |
| 17:44 | Build | House |
| 18:56 | Build | House |
| 19:12 | Age | Castle Age |
| 19:19 | Create | Villager (Male) |
| 19:19 | Create | Villager (Male) |
| 19:20 | Create | Villager (Male) |
| 19:21 | Create | Villager (Male) |
| 19:26 | Create | Villager (Male) |
| 19:26 | Create | Villager (Male) |
| 19:27 | Create | Villager (Male) |
| 19:27 | Create | Villager (Male) |
| 19:30 | Create | Villager (Male) |
| 19:30 | Create | Villager (Male) |
| 20:13 | Create | Trade Cart |
| 20:14 | Create | Trade Cart |
| 20:15 | Create | Trade Cart |
| 20:15 | Create | Trade Cart |
| 20:16 | Create | Trade Cart |
| 20:16 | Create | Trade Cart |
| 20:29 | Build | Town Center |
| 20:40 | Build | Town Center |
| 21:05 | Build | Mining Camp |
| 22:06 | Build | Mining Camp |
| 22:18 | Research | Coinage |
| 22:27 | Build | House |
| 22:34 | Build | Farm |
| 22:55 | Research | Horse Collar |
| 22:59 | Research | Double-Bit Axe |
| 23:07 | Build | House |
| 23:11 | Research | Wheelbarrow |
| 23:12 | Research | Town Watch |
| 23:17 | Create | Villager (Male) |
| 23:17 | Create | Villager (Male) |
| 23:31 | Build | Farm |
| 23:37 | Create | Villager (Male) |
| 23:52 | Build | House |
| 23:58 | Create | Villager (Male) |
| 24:20 | Create | Villager (Male) |
| 24:20 | Create | Villager (Male) |
| 24:32 | Build | House |
| 24:40 | Create | Villager (Male) |
| 24:41 | Create | Villager (Male) |
| 24:52 | Build | Farm |
| 24:57 | Create | Villager (Male) |
| 25:04 | Create | Villager (Male) |
| 25:10 | Build | Farm |
| 25:16 | Build | House |
| 25:22 | Build | Farm |
| 25:26 | Create | Trade Cart |
| 25:31 | Build | Farm |
| 25:37 | Create | Villager (Male) |
| 25:42 | Create | Villager (Male) |
| 25:42 | Create | Villager (Male) |
| 25:51 | Create | Villager (Male) |
| 25:56 | Build | House |
| 26:01 | Build | Farm |
| 26:06 | Build | Farm |
| 26:15 | Create | Villager (Male) |
| 26:15 | Create | Villager (Male) |
| 26:16 | Create | Villager (Male) |
| 26:16 | Create | Villager (Male) |
| 26:21 | Build | Farm |
| 26:26 | Build | Farm |
| 26:33 | Build | House |
| 26:46 | Build | Castle |
| 26:56 | Build | Farm |
| 27:00 | Create | Villager (Male) |
| 27:04 | Create | Villager (Male) |
| 27:04 | Create | Villager (Male) |
| 27:08 | Create | Villager (Male) |
| 27:08 | Create | Villager (Male) |
| 27:09 | Create | Villager (Male) |
| 27:16 | Build | Farm |
| 27:22 | Build | Farm |
| 27:26 | Build | Farm |
| 27:31 | Build | House |
| 27:39 | Research | Heavy Plow |
| 27:47 | Research | Bow Saw |
| 27:52 | Build | Farm |
| 27:57 | Build | Farm |
| 28:02 | Create | Villager (Male) |
| 28:02 | Create | Villager (Male) |
| 28:25 | Build | Farm |
| 28:36 | Build | Farm |
| 28:42 | Build | House |
| 28:50 | Build | Farm |
| 28:56 | Create | Villager (Male) |
Build order — la_machina
First 150 of 447 actions detected
| 0:01 | Create | Villager (Male) |
| 0:01 | Create | Villager (Male) |
| 0:02 | Create | Villager (Male) |
| 0:02 | Create | Villager (Male) |
| 0:20 | Build | House |
| 0:21 | Build | House |
| 0:41 | Build | Lumber Camp |
| 0:48 | Create | Villager (Male) |
| 1:01 | Build | House |
| 1:02 | Build | House |
| 1:03 | Build | House |
| 1:07 | Build | House |
| 1:50 | Create | Villager (Male) |
| 2:20 | Research | Loom |
| 2:39 | Create | Villager (Male) |
| 3:05 | Create | Villager (Male) |
| 3:23 | Create | Villager (Male) |
| 3:58 | Create | Villager (Male) |
| 4:19 | Create | Villager (Male) |
| 4:19 | Create | Villager (Male) |
| 4:19 | Create | Villager (Male) |
| 4:58 | Create | Villager (Male) |
| 5:00 | Create | Villager (Male) |
| 5:31 | Create | Villager (Male) |
| 5:52 | Create | Villager (Male) |
| 6:07 | Build | Mill |
| 6:31 | Create | Villager (Male) |
| 7:30 | Create | Villager (Male) |
| 7:54 | Create | Villager (Male) |
| 8:16 | Research | Feudal Age |
| 8:19 | Create | Villager (Male) |
| 9:30 | Build | Mining Camp |
| 10:21 | Age | Feudal Age |
| 10:33 | Create | Villager (Male) |
| 10:33 | Create | Villager (Male) |
| 11:05 | Create | Villager (Male) |
| 11:53 | Create | Villager (Male) |
| 11:56 | Create | Villager (Male) |
| 12:30 | Create | Villager (Male) |
| 12:55 | Build | Market |
| 13:17 | Create | Villager (Male) |
| 13:29 | Build | Blacksmith |
| 13:35 | Research | Horse Collar |
| 13:42 | Create | Villager (Male) |
| 13:59 | Build | House |
| 14:01 | Build | House |
| 14:15 | Build | House |
| 14:26 | Build | Farm |
| 14:27 | Build | Farm |
| 14:30 | Build | Farm |
| 14:31 | Build | Farm |
| 14:37 | Build | Farm |
| 14:43 | Build | Farm |
| 15:13 | Build | Farm |
| 15:23 | Build | House |
| 15:25 | Build | House |
| 15:26 | Build | House |
| 15:28 | Build | House |
| 15:29 | Build | House |
| 15:40 | Build | Farm |
| 15:45 | Create | Villager (Male) |
| 15:54 | Build | Farm |
| 16:12 | Build | Farm |
| 16:13 | Build | Farm |
| 16:31 | Build | Farm |
| 16:38 | Create | Villager (Male) |
| 16:44 | Build | Farm |
| 16:51 | Build | Farm |
| 16:58 | Build | Farm |
| 17:11 | Create | Villager (Male) |
| 17:35 | Research | Castle Age |
| 17:42 | Build | Farm |
| 17:44 | Build | Farm |
| 18:02 | Research | Gold Mining |
| 18:15 | Build | House |
| 18:17 | Build | House |
| 18:21 | Create | Villager (Male) |
| 18:21 | Create | Villager (Male) |
| 18:29 | Research | Double-Bit Axe |
| 19:01 | Research | Stone Mining |
| 19:35 | Build | House |
| 19:37 | Build | House |
| 19:39 | Build | House |
| 19:40 | Build | House |
| 19:41 | Build | House |
| 20:01 | Age | Castle Age |
| 20:06 | Build | Town Center |
| 20:17 | Create | Villager (Male) |
| 20:18 | Create | Villager (Male) |
| 20:29 | Research | Stone Shaft Mining |
| 20:45 | Create | Villager (Male) |
| 20:46 | Create | Villager (Male) |
| 21:05 | Create | Villager (Male) |
| 21:05 | Create | Villager (Male) |
| 21:05 | Create | Villager (Male) |
| 21:13 | Create | Villager (Male) |
| 21:13 | Create | Villager (Male) |
| 21:15 | Create | Villager (Male) |
| 22:01 | Build | House |
| 22:02 | Build | House |
| 22:04 | Build | House |
| 22:06 | Build | House |
| 22:07 | Build | House |
| 22:09 | Build | House |
| 22:12 | Create | Villager (Male) |
| 22:14 | Create | Villager (Male) |
| 22:16 | Create | Villager (Male) |
| 22:17 | Create | Villager (Male) |
| 22:33 | Research | Gold Shaft Mining |
| 22:38 | Create | Villager (Male) |
| 23:15 | Build | Town Center |
| 23:40 | Create | Villager (Male) |
| 23:41 | Create | Villager (Male) |
| 23:44 | Create | Villager (Male) |
| 23:44 | Create | Villager (Male) |
| 23:48 | Create | Villager (Male) |
| 23:48 | Create | Villager (Male) |
| 24:01 | Create | Villager (Male) |
| 24:05 | Create | Villager (Male) |
| 24:49 | Build | Barracks |
| 25:26 | Create | Villager (Male) |
| 25:26 | Create | Villager (Male) |
| 25:38 | Create | Spearman |
| 25:42 | Create | Spearman |
| 26:15 | Create | Spearman |
| 27:44 | Build | Barracks |
| 27:49 | Build | Barracks |
| 28:54 | Build | Farm |
| 28:55 | Build | Farm |
| 29:09 | Build | Mill |
| 29:18 | Build | Farm |
| 29:30 | Build | Farm |
| 29:34 | Build | Farm |
| 29:37 | Create | Villager (Male) |
| 29:38 | Create | Villager (Male) |
| 29:38 | Create | Villager (Male) |
| 30:18 | Build | Castle |
| 30:29 | Create | Villager (Male) |
| 30:30 | Create | Villager (Male) |
| 30:30 | Create | Villager (Male) |
| 30:36 | Create | Villager (Male) |
| 30:37 | Create | Villager (Male) |
| 30:37 | Create | Villager (Male) |
| 31:08 | Create | Villager (Male) |
| 31:10 | Create | Villager (Male) |
| 31:12 | Create | Villager (Male) |
| 31:13 | Create | Villager (Male) |
| 31:14 | Create | Villager (Male) |
| 31:16 | Create | Villager (Male) |
| 31:16 | Create | Villager (Male) |
Build order — riri
First 150 of 305 actions detected
| 0:05 | Create | Villager (Male) ×4 |
| 0:10 | Build | House |
| 0:14 | Build | House |
| 2:12 | Create | Villager (Male) |
| 2:12 | Create | Villager (Male) |
| 2:13 | Create | Villager (Male) |
| 2:20 | Build | Lumber Camp |
| 2:36 | Create | Villager (Male) |
| 3:19 | Create | Villager (Male) ×2 |
| 3:22 | Research | Loom |
| 3:42 | Build | House |
| 3:43 | Build | House |
| 5:06 | Build | House |
| 6:08 | Build | Mill |
| 7:17 | Create | Villager (Male) |
| 7:17 | Create | Villager (Male) |
| 7:17 | Create | Villager (Male) |
| 7:18 | Create | Villager (Male) |
| 7:18 | Create | Villager (Male) |
| 8:50 | Create | Villager (Male) ×5 |
| 9:03 | Build | Mill |
| 10:29 | Research | Feudal Age |
| 10:38 | Build | Barracks |
| 11:15 | Build | House |
| 11:17 | Build | House |
| 12:41 | Build | Mining Camp |
| 12:47 | Age | Feudal Age |
| 12:58 | Create | Villager (Male) |
| 12:58 | Create | Villager (Male) |
| 12:58 | Create | Villager (Male) |
| 12:59 | Create | Villager (Male) |
| 12:59 | Create | Villager (Male) |
| 12:59 | Create | Villager (Male) |
| 13:04 | Research | Double-Bit Axe |
| 13:08 | Research | Horse Collar |
| 13:24 | Create | Villager (Male) ×5 |
| 13:59 | Build | Mining Camp |
| 15:28 | Build | Market |
| 15:47 | Build | Blacksmith |
| 17:02 | Research | Castle Age |
| 17:13 | Research | Fletching |
| 17:22 | Build | Archery Range |
| 18:01 | Build | House |
| 18:01 | Build | House |
| 18:02 | Build | House |
| 18:02 | Build | House |
| 18:03 | Build | House |
| 18:05 | Build | House |
| 18:06 | Build | House |
| 18:09 | Build | House |
| 19:12 | Build | Lumber Camp |
| 19:30 | Build | Farm |
| 19:48 | Age | Castle Age |
| 20:01 | Build | Town Center |
| 20:13 | Build | Farm |
| 20:50 | Build | Town Center |
| 21:05 | Research | Bow Saw |
| 21:13 | Build | Town Center |
| 21:27 | Build | Farm |
| 21:28 | Create | Villager (Male) ×5 |
| 21:47 | Build | Lumber Camp |
| 21:59 | Create | Villager (Male) ×3 |
| 21:59 | Create | Villager (Male) ×3 |
| 22:02 | Build | Farm |
| 22:03 | Build | Farm |
| 22:35 | Build | Farm |
| 22:36 | Build | Farm |
| 22:42 | Build | Farm |
| 23:00 | Build | Farm |
| 23:01 | Build | Farm |
| 23:08 | Build | Farm |
| 23:10 | Build | Farm |
| 23:12 | Create | Villager (Male) |
| 23:18 | Create | Villager (Male) |
| 23:47 | Create | Villager (Male) |
| 23:51 | Build | Farm |
| 23:52 | Build | Farm |
| 23:58 | Create | Villager (Male) |
| 24:03 | Build | Farm |
| 24:04 | Build | Farm |
| 24:20 | Create | Villager (Male) |
| 24:30 | Build | Farm |
| 24:31 | Build | Farm |
| 24:36 | Build | Farm |
| 24:38 | Create | Villager (Male) ×2 |
| 24:44 | Build | Farm |
| 24:46 | Create | Trade Cart |
| 25:00 | Create | Villager (Male) |
| 25:06 | Research | Town Watch |
| 25:08 | Create | Villager (Male) |
| 25:20 | Create | Villager (Male) |
| 25:30 | Create | Villager (Male) |
| 25:35 | Build | University |
| 25:41 | Build | Monastery |
| 25:52 | Create | Villager (Male) ×3 |
| 25:58 | Create | Villager (Male) |
| 26:02 | Build | Farm |
| 26:05 | Create | Villager (Male) |
| 26:09 | Create | Villager (Male) |
| 26:22 | Build | Mining Camp |
| 26:33 | Create | Trade Cart |
| 26:41 | Create | Villager (Male) ×4 |
| 26:53 | Build | Farm |
| 26:58 | Build | Farm |
| 26:59 | Create | Villager (Male) ×3 |
| 27:04 | Create | Villager (Male) |
| 27:08 | Create | Monk |
| 27:14 | Create | Villager (Male) |
| 27:34 | Build | Farm |
| 27:44 | Research | Heavy Plow |
| 27:54 | Build | Farm |
| 27:56 | Build | Farm |
| 27:59 | Build | Farm |
| 28:01 | Research | Wheelbarrow |
| 28:11 | Build | Farm |
| 28:23 | Build | Farm |
| 29:04 | Create | Villager (Male) ×5 |
| 29:07 | Create | Villager (Male) ×5 |
| 29:10 | Create | Villager (Male) ×3 |
| 29:17 | Research | Ballistics |
| 29:31 | Create | Trade Cart ×5 |
| 29:33 | Create | Villager (Male) ×4 |
| 29:38 | Create | Villager (Male) ×3 |
| 29:44 | Create | Villager (Male) |
| 30:16 | Research | Crossbowman (upgrade) |
| 30:17 | Create | Archer ×5 |
| 30:17 | Create | Archer ×5 |
| 30:22 | Build | Archery Range |
| 30:22 | Build | Archery Range |
| 30:23 | Build | Archery Range |
| 30:24 | Build | Archery Range |
| 30:37 | Build | Castle |
| 30:50 | Build | Archery Range |
| 30:52 | Build | Archery Range |
| 30:59 | Build | House |
| 30:59 | Build | House |
| 30:59 | Build | House |
| 31:00 | Build | House |
| 31:00 | Build | House |
| 31:00 | Build | House |
| 31:01 | Build | House |
| 31:01 | Build | House |
| 31:02 | Build | House |
| 31:02 | Build | House |
| 31:02 | Build | House |
| 31:02 | Build | House |
| 31:09 | Create | Villager (Male) ×5 |
| 31:24 | Create | Archer ×5 |
| 32:03 | Create | Archer ×5 |
| 32:03 | Create | Archer ×5 |
Build order — Drex3968
First 150 of 388 actions detected
| 0:11 | Build | House |
| 0:14 | Build | House |
| 0:20 | Build | Mill |
| 0:59 | Create | Villager (Male) |
| 1:00 | Create | Villager (Male) |
| 1:00 | Create | Villager (Male) |
| 1:00 | Create | Villager (Male) |
| 1:01 | Create | Villager (Male) |
| 2:21 | Create | Villager (Male) |
| 2:21 | Create | Villager (Male) |
| 3:16 | Create | Villager (Male) |
| 3:17 | Create | Villager (Male) |
| 3:17 | Create | Villager (Male) |
| 4:14 | Build | House |
| 4:17 | Create | Villager (Male) |
| 4:17 | Create | Villager (Male) |
| 4:17 | Create | Villager (Male) |
| 4:58 | Create | Villager (Male) |
| 4:58 | Create | Villager (Male) |
| 5:41 | Build | Lumber Camp |
| 6:01 | Create | Villager (Male) |
| 6:01 | Create | Villager (Male) |
| 6:01 | Create | Villager (Male) |
| 6:02 | Create | Villager (Male) |
| 6:05 | Research | Loom |
| 7:57 | Create | Villager (Male) |
| 8:02 | Build | House |
| 8:05 | Build | House |
| 9:12 | Build | Barracks |
| 9:56 | Build | Mining Camp |
| 10:05 | Build | Mining Camp |
| 10:12 | Research | Feudal Age |
| 12:26 | Create | Villager (Male) |
| 12:27 | Create | Villager (Male) |
| 12:27 | Create | Villager (Male) |
| 12:27 | Create | Villager (Male) |
| 12:27 | Create | Villager (Male) |
| 12:34 | Create | Villager (Male) |
| 12:34 | Create | Villager (Male) |
| 12:35 | Create | Villager (Male) |
| 12:35 | Create | Villager (Male) |
| 12:35 | Create | Villager (Male) |
| 12:46 | Build | Blacksmith |
| 13:37 | Build | Market |
| 15:04 | Build | House |
| 15:07 | Build | House |
| 15:20 | Build | Farm |
| 15:40 | Build | Farm |
| 15:45 | Build | Farm |
| 15:50 | Build | Farm |
| 15:56 | Build | Farm |
| 16:00 | Build | Farm |
| 16:21 | Build | Farm |
| 16:25 | Build | Farm |
| 16:45 | Build | Farm |
| 17:12 | Build | Archery Range |
| 18:02 | Research | Castle Age |
| 18:25 | Build | Archery Range |
| 18:39 | Create | Trade Cart |
| 19:01 | Research | Horse Collar |
| 19:29 | Build | Archery Range |
| 19:32 | Create | Skirmisher |
| 19:33 | Create | Skirmisher |
| 19:33 | Create | Skirmisher |
| 19:50 | Research | Gold Mining |
| 20:11 | Research | Double-Bit Axe |
| 20:32 | Build | Archery Range |
| 20:57 | Build | Town Center |
| 21:02 | Create | Villager (Male) |
| 21:02 | Create | Villager (Male) |
| 21:02 | Create | Villager (Male) |
| 21:41 | Create | Villager (Male) |
| 21:41 | Create | Villager (Male) |
| 21:41 | Create | Villager (Male) |
| 22:13 | Create | Skirmisher |
| 22:13 | Create | Skirmisher |
| 22:13 | Create | Skirmisher |
| 22:14 | Create | Skirmisher |
| 22:23 | Create | Villager (Male) |
| 22:23 | Create | Villager (Male) |
| 22:55 | Build | Farm |
| 22:57 | Create | Villager (Male) |
| 22:57 | Create | Villager (Male) |
| 22:57 | Create | Villager (Male) |
| 23:04 | Create | Villager (Male) |
| 23:17 | Build | House |
| 23:35 | Build | Farm |
| 23:42 | Create | Villager (Male) |
| 23:42 | Create | Villager (Male) |
| 24:17 | Research | Elite Skirmisher (upgrade) |
| 24:38 | Build | Castle |
| 24:49 | Build | University |
| 24:57 | Build | Farm |
| 24:59 | Research | Heavy Plow |
| 25:03 | Research | Wheelbarrow |
| 25:44 | Research | Treadmill Crane |
| 27:12 | Research | Ballistics |
| 27:16 | Create | Villager (Male) |
| 27:17 | Create | Villager (Male) |
| 27:20 | Research | Town Watch |
| 27:29 | Build | Farm |
| 27:32 | Build | Farm |
| 27:53 | Research | Murder Holes |
| 28:26 | Build | Siege Workshop |
| 28:32 | Create | Jaguar Warrior |
| 28:32 | Create | Jaguar Warrior |
| 28:58 | Build | Mining Camp |
| 29:06 | Build | Farm |
| 29:08 | Build | Farm |
| 29:19 | Create | Jaguar Warrior |
| 29:19 | Create | Jaguar Warrior |
| 29:31 | Research | Forging |
| 29:31 | Research | Scale Mail Armor |
| 29:40 | Research | Squires |
| 29:43 | Research | Arson |
| 29:46 | Create | Skirmisher |
| 29:46 | Create | Skirmisher |
| 29:47 | Create | Skirmisher |
| 29:47 | Create | Skirmisher |
| 29:47 | Create | Skirmisher |
| 29:47 | Create | Skirmisher |
| 30:19 | Create | Jaguar Warrior |
| 30:19 | Create | Jaguar Warrior |
| 30:36 | Create | Skirmisher |
| 30:36 | Create | Skirmisher |
| 30:36 | Create | Skirmisher |
| 30:36 | Create | Skirmisher |
| 30:37 | Create | Skirmisher |
| 30:37 | Create | Skirmisher |
| 30:53 | Create | Villager (Male) |
| 30:53 | Create | Villager (Male) |
| 30:53 | Create | Villager (Male) |
| 31:05 | Create | Villager (Male) |
| 31:05 | Create | Villager (Male) |
| 31:05 | Create | Villager (Male) |
| 31:30 | Create | Mangonel |
| 31:53 | Create | Villager (Male) |
| 31:53 | Create | Villager (Male) |
| 31:53 | Create | Villager (Male) |
| 31:54 | Create | Villager (Male) |
| 32:06 | Build | Monastery |
| 33:15 | Research | Stone Mining |
| 33:21 | Create | Villager (Male) |
| 33:22 | Create | Villager (Male) |
| 33:22 | Create | Villager (Male) |
| 33:22 | Create | Villager (Male) |
| 33:39 | Build | Castle |
| 33:54 | Create | Skirmisher |
| 33:54 | Create | Skirmisher |
| 33:55 | Create | Skirmisher |
Build order — SMNT-Chifuego
First 150 of 353 actions detected
| 0:02 | Create | Villager (Male) |
| 0:02 | Create | Villager (Male) |
| 0:02 | Create | Villager (Male) |
| 0:02 | Create | Villager (Male) |
| 0:03 | Create | Villager (Male) |
| 0:04 | Build | House |
| 0:07 | Build | House |
| 1:51 | Create | Villager (Male) |
| 1:51 | Create | Villager (Male) |
| 1:59 | Build | Lumber Camp |
| 2:16 | Create | Villager (Male) |
| 2:16 | Create | Villager (Male) |
| 2:33 | Create | Villager (Male) |
| 2:33 | Create | Villager (Male) |
| 3:20 | Create | Villager (Male) |
| 3:21 | Create | Villager (Male) |
| 3:21 | Create | Villager (Male) |
| 4:15 | Build | House |
| 4:19 | Build | House |
| 4:39 | Create | Villager (Male) |
| 4:39 | Create | Villager (Male) |
| 4:40 | Create | Villager (Male) |
| 6:08 | Create | Villager (Male) |
| 6:09 | Create | Villager (Male) |
| 6:09 | Create | Villager (Male) |
| 6:40 | Create | Villager (Male) |
| 6:40 | Create | Villager (Male) |
| 7:23 | Create | Villager (Male) |
| 7:23 | Create | Villager (Male) |
| 7:36 | Build | Mill |
| 7:44 | Create | Villager (Male) |
| 7:44 | Create | Villager (Male) |
| 8:26 | Build | Mining Camp |
| 9:18 | Research | Feudal Age |
| 9:19 | Create | Villager (Male) |
| 9:20 | Create | Villager (Male) |
| 9:44 | Build | Barracks |
| 9:47 | Build | Barracks |
| 11:25 | Build | Mining Camp |
| 11:38 | Age | Feudal Age |
| 11:43 | Create | Villager (Male) |
| 11:43 | Create | Villager (Male) |
| 11:44 | Create | Villager (Male) |
| 12:09 | Build | Lumber Camp |
| 12:14 | Build | House |
| 12:21 | Research | Double-Bit Axe |
| 12:29 | Create | Villager (Male) |
| 12:29 | Create | Villager (Male) |
| 12:32 | Research | Man-at-Arms (upgrade) |
| 12:33 | Create | Militia |
| 12:34 | Create | Militia |
| 13:03 | Create | Militia |
| 13:04 | Create | Militia |
| 13:07 | Build | Farm |
| 13:22 | Research | Loom |
| 13:28 | Build | Farm |
| 13:48 | Build | Blacksmith |
| 14:00 | Build | House |
| 14:02 | Build | House |
| 14:05 | Build | House |
| 14:07 | Build | House |
| 14:17 | Build | Farm |
| 14:27 | Research | Loom |
| 14:27 | Create | Villager (Male) |
| 14:28 | Create | Villager (Male) |
| 14:28 | Create | Villager (Male) |
| 14:41 | Create | Militia |
| 14:41 | Create | Militia |
| 14:44 | Create | Militia |
| 14:44 | Create | Militia |
| 14:50 | Create | Militia |
| 15:06 | Build | Siege Workshop |
| 15:20 | Build | Farm |
| 15:22 | Create | Villager (Male) |
| 15:23 | Create | Villager (Male) |
| 15:46 | Build | Farm |
| 15:55 | Create | Battering Ram |
| 15:55 | Create | Battering Ram |
| 15:56 | Create | Battering Ram |
| 16:09 | Build | Farm |
| 16:12 | Create | Villager (Male) |
| 16:12 | Create | Villager (Male) |
| 16:21 | Build | Farm |
| 16:38 | Build | Farm |
| 16:41 | Create | Villager (Male) |
| 16:41 | Create | Villager (Male) |
| 16:46 | Create | Battering Ram |
| 16:59 | Build | Farm |
| 17:02 | Create | Villager (Male) |
| 17:03 | Create | Villager (Male) |
| 17:15 | Create | Militia |
| 17:16 | Create | Militia |
| 17:27 | Build | Farm |
| 17:31 | Create | Villager (Male) |
| 17:41 | Build | Farm |
| 17:42 | Build | Farm |
| 17:43 | Build | Farm |
| 17:45 | Build | Farm |
| 17:51 | Build | Farm |
| 17:55 | Create | Villager (Male) |
| 17:55 | Create | Villager (Male) |
| 18:18 | Build | Farm |
| 18:28 | Research | Scale Mail Armor |
| 18:42 | Build | Farm |
| 18:54 | Research | Forging |
| 19:13 | Create | Battering Ram |
| 19:19 | Build | House |
| 19:20 | Build | House |
| 19:21 | Build | House |
| 19:45 | Build | Palisade Gate |
| 19:50 | Build | Farm |
| 20:29 | Build | House |
| 20:39 | Create | Militia |
| 20:40 | Create | Militia |
| 21:10 | Create | Militia |
| 21:14 | Build | Farm |
| 21:16 | Build | Farm |
| 21:19 | Create | Villager (Male) |
| 21:20 | Create | Villager (Male) |
| 21:20 | Create | Villager (Male) |
| 21:59 | Build | Farm |
| 22:12 | Build | Farm |
| 22:24 | Research | Castle Age |
| 22:46 | Create | Militia |
| 22:49 | Create | Militia |
| 22:53 | Build | Farm |
| 22:57 | Build | Farm |
| 25:14 | Age | Castle Age |
| 26:47 | Research | Horse Collar |
| 26:50 | Build | Farm |
| 26:51 | Build | Farm |
| 26:52 | Build | Farm |
| 26:53 | Build | Farm |
| 26:55 | Build | Farm |
| 26:58 | Create | Villager (Male) |
| 26:58 | Create | Villager (Male) |
| 26:58 | Create | Villager (Male) |
| 27:41 | Research | Long Swordsman (upgrade) |
| 27:43 | Create | Militia |
| 27:43 | Create | Militia |
| 27:44 | Create | Militia |
| 27:44 | Create | Militia |
| 27:45 | Create | Militia |
| 27:50 | Build | Farm |
| 28:57 | Create | Militia |
| 28:57 | Create | Militia |
| 28:57 | Create | Militia |
| 28:58 | Create | Militia |
| 28:58 | Create | Militia |
| 28:59 | Create | Militia |
Build order — Henkwersdf
First 150 of 320 actions detected
| 0:02 | Create | Villager (Male) |
| 0:02 | Create | Villager (Male) |
| 0:02 | Create | Villager (Male) |
| 0:05 | Build | House |
| 0:07 | Build | House |
| 0:26 | Create | Villager (Male) |
| 1:02 | Create | Villager (Male) |
| 1:03 | Create | Villager (Male) |
| 1:51 | Create | Villager (Male) |
| 2:13 | Build | Lumber Camp |
| 2:16 | Create | Villager (Male) |
| 2:49 | Create | Villager (Male) |
| 2:49 | Create | Villager (Male) |
| 2:50 | Create | Villager (Male) |
| 3:13 | Create | Villager (Male) |
| 3:38 | Create | Villager (Male) |
| 3:51 | Create | Villager (Male) |
| 3:56 | Build | House |
| 4:31 | Create | Villager (Male) |
| 5:02 | Create | Villager (Male) |
| 5:23 | Create | Villager (Male) |
| 5:41 | Build | House |
| 7:40 | Create | Villager (Male) |
| 8:08 | Create | Villager (Male) |
| 8:53 | Build | Mill |
| 9:03 | Create | Villager (Male) |
| 9:34 | Research | Feudal Age |
| 9:34 | Research | Feudal Age |
| 9:37 | Create | Villager (Male) |
| 9:37 | Create | Villager (Male) |
| 9:37 | Create | Villager (Male) |
| 9:46 | Build | House |
| 9:48 | Build | House |
| 9:52 | Build | Barracks |
| 10:32 | Build | Farm |
| 10:35 | Build | Farm |
| 10:39 | Build | Farm |
| 10:44 | Build | Farm |
| 10:48 | Build | Farm |
| 10:51 | Create | Villager (Male) |
| 10:53 | Build | Farm |
| 10:55 | Create | Villager (Male) |
| 11:32 | Build | Mining Camp |
| 11:44 | Age | Feudal Age |
| 11:53 | Build | Mining Camp |
| 11:57 | Create | Villager (Male) |
| 11:57 | Create | Villager (Male) |
| 11:59 | Research | Wheelbarrow |
| 12:01 | Research | Horse Collar |
| 12:04 | Research | Double-Bit Axe |
| 12:19 | Create | Villager (Male) |
| 12:19 | Create | Villager (Male) |
| 12:52 | Build | Farm |
| 12:56 | Build | Farm |
| 13:15 | Build | Market |
| 13:43 | Create | Villager (Male) |
| 14:06 | Research | Gold Mining |
| 14:25 | Build | Blacksmith |
| 14:35 | Build | Blacksmith |
| 14:41 | Create | Villager (Male) |
| 14:42 | Create | Villager (Male) |
| 14:58 | Build | Farm |
| 15:02 | Build | Farm |
| 16:10 | Research | Castle Age |
| 16:22 | Build | Farm |
| 16:37 | Build | Farm |
| 16:53 | Build | Farm |
| 16:55 | Build | Farm |
| 17:00 | Build | Farm |
| 17:01 | Build | Farm |
| 17:12 | Create | Villager (Male) |
| 17:18 | Build | House |
| 17:24 | Build | House |
| 17:27 | Build | House |
| 17:29 | Build | House |
| 17:30 | Build | House |
| 17:38 | Build | House |
| 17:40 | Build | House |
| 17:50 | Create | Villager (Male) |
| 17:51 | Create | Villager (Male) |
| 17:58 | Research | Fletching |
| 18:34 | Create | Trade Cart |
| 18:35 | Create | Trade Cart |
| 18:52 | Create | Villager (Male) |
| 18:59 | Age | Castle Age |
| 19:12 | Build | Town Center |
| 19:28 | Create | Villager (Male) |
| 19:28 | Create | Villager (Male) |
| 20:07 | Research | Bow Saw |
| 20:52 | Create | Villager (Male) |
| 20:52 | Create | Villager (Male) |
| 20:53 | Create | Villager (Male) |
| 20:53 | Create | Villager (Male) |
| 20:53 | Create | Villager (Male) |
| 20:54 | Create | Villager (Male) |
| 20:54 | Create | Villager (Male) |
| 20:54 | Create | Villager (Male) |
| 20:54 | Create | Villager (Male) |
| 20:57 | Create | Villager (Male) |
| 20:57 | Create | Villager (Male) |
| 20:57 | Create | Villager (Male) |
| 20:58 | Create | Villager (Male) |
| 21:23 | Build | Town Center |
| 21:28 | Create | Villager (Male) |
| 21:28 | Create | Villager (Male) |
| 21:42 | Build | Lumber Camp |
| 22:16 | Build | Farm |
| 22:37 | Research | Heavy Plow |
| 22:42 | Create | Villager (Male) |
| 22:44 | Create | Villager (Male) |
| 22:44 | Create | Villager (Male) |
| 23:05 | Build | Stable |
| 23:07 | Build | Stable |
| 23:51 | Research | Hand Cart |
| 24:19 | Create | Knight |
| 24:20 | Create | Knight |
| 24:20 | Create | Knight |
| 24:24 | Research | Scale Barding Armor |
| 24:26 | Research | Forging |
| 24:37 | Create | Villager (Male) |
| 24:37 | Create | Villager (Male) |
| 24:37 | Create | Villager (Male) |
| 24:38 | Create | Villager (Male) |
| 24:38 | Create | Villager (Male) |
| 24:38 | Create | Villager (Male) |
| 24:39 | Create | Villager (Male) |
| 24:43 | Build | Farm |
| 24:45 | Build | Farm |
| 25:14 | Create | Knight |
| 25:14 | Create | Knight |
| 25:33 | Build | Stable |
| 26:23 | Create | Knight |
| 26:26 | Research | Chain Barding Armor |
| 26:27 | Research | Iron Casting |
| 26:32 | Build | Farm |
| 26:32 | Build | Farm |
| 26:32 | Build | Farm |
| 26:33 | Build | Farm |
| 26:33 | Build | Farm |
| 26:37 | Create | Villager (Male) |
| 26:38 | Create | Villager (Male) |
| 26:38 | Create | Villager (Male) |
| 26:46 | Build | Mining Camp |
| 26:50 | Create | Villager (Male) |
| 26:56 | Create | Knight |
| 26:56 | Create | Knight |
| 27:05 | Build | Monastery |
| 28:53 | Create | Monk |
| 28:54 | Create | Monk |
| 29:00 | Build | House |
Build order — xMYSTERYMANx
First 150 of 506 actions detected
| 0:07 | Create | Villager (Male) |
| 0:08 | Research | Loom |
| 0:09 | Create | Villager (Male) ×3 |
| 0:09 | Create | Villager (Male) ×3 |
| 0:37 | Build | House |
| 0:38 | Build | House |
| 0:40 | Build | House |
| 0:44 | Build | House |
| 1:36 | Create | Villager (Male) |
| 1:36 | Create | Villager (Male) |
| 2:59 | Create | Villager (Male) |
| 2:59 | Create | Villager (Male) |
| 3:23 | Create | Villager (Male) |
| 3:24 | Create | Villager (Male) |
| 4:14 | Create | Villager (Male) |
| 5:07 | Create | Villager (Male) |
| 5:08 | Create | Villager (Male) |
| 5:51 | Create | Villager (Male) |
| 5:52 | Create | Villager (Male) |
| 6:08 | Build | Mill |
| 6:21 | Build | Lumber Camp |
| 6:50 | Create | Villager (Male) |
| 7:19 | Create | Villager (Male) |
| 7:59 | Research | Feudal Age |
| 7:59 | Research | Feudal Age |
| 10:09 | Age | Feudal Age |
| 10:12 | Research | Wheelbarrow |
| 10:17 | Research | Double-Bit Axe |
| 10:31 | Build | Market |
| 10:38 | Build | Mining Camp |
| 11:01 | Build | Mining Camp |
| 11:23 | Create | Villager (Male) |
| 11:26 | Create | Villager (Male) |
| 11:27 | Create | Villager (Male) |
| 11:27 | Create | Villager (Male) |
| 11:28 | Create | Villager (Male) |
| 11:50 | Build | Donjon |
| 12:36 | Build | House |
| 12:37 | Build | House |
| 12:48 | Build | House |
| 13:00 | Build | House |
| 13:02 | Build | House |
| 13:07 | Build | House |
| 13:20 | Create | Villager (Male) |
| 13:21 | Create | Villager (Male) |
| 13:22 | Create | Villager (Male) |
| 14:01 | Create | Villager (Male) |
| 14:01 | Create | Villager (Male) |
| 14:02 | Create | Villager (Male) |
| 14:17 | Build | Farm |
| 14:17 | Build | Farm |
| 14:17 | Build | Farm |
| 14:18 | Build | Farm |
| 14:20 | Build | Farm |
| 14:20 | Build | Farm |
| 14:21 | Build | Farm |
| 14:21 | Build | Farm |
| 14:22 | Build | Farm |
| 14:23 | Build | Farm |
| 14:24 | Build | Farm |
| 14:25 | Build | Farm |
| 14:26 | Build | Farm |
| 14:26 | Build | Farm |
| 14:26 | Build | Farm |
| 14:27 | Build | Farm |
| 14:27 | Build | Farm |
| 14:28 | Build | Farm |
| 14:28 | Build | Farm |
| 14:29 | Build | Farm |
| 14:29 | Build | Farm |
| 14:29 | Build | Farm |
| 14:30 | Build | Farm |
| 14:30 | Build | Farm |
| 14:31 | Build | Farm |
| 14:31 | Build | Farm |
| 14:32 | Build | Farm |
| 14:32 | Build | Farm |
| 14:33 | Build | Farm |
| 14:33 | Build | Farm |
| 14:36 | Build | Farm |
| 14:37 | Build | Farm |
| 14:37 | Build | Farm |
| 14:37 | Build | Farm |
| 14:38 | Build | Farm |
| 14:38 | Build | Farm |
| 14:38 | Build | Farm |
| 14:38 | Build | Farm |
| 14:39 | Build | Farm |
| 14:39 | Build | Farm |
| 15:53 | Create | Villager (Male) |
| 16:31 | Build | Farm |
| 17:06 | Build | Blacksmith |
| 17:18 | Create | Villager (Male) |
| 17:35 | Research | Castle Age |
| 18:24 | Research | Stone Mining |
| 18:55 | Build | Farm |
| 18:56 | Build | Farm |
| 18:56 | Build | Farm |
| 18:57 | Build | Farm |
| 19:19 | Build | Farm |
| 19:20 | Build | Farm |
| 19:20 | Build | Farm |
| 19:21 | Build | Farm |
| 19:22 | Build | Farm |
| 19:23 | Build | Farm |
| 19:24 | Build | Farm |
| 19:36 | Build | Farm |
| 19:36 | Build | Farm |
| 19:59 | Create | Serjeant |
| 20:03 | Research | Gold Mining |
| 20:23 | Age | Castle Age |
| 20:26 | Research | Town Watch |
| 20:45 | Build | Town Center |
| 20:54 | Create | Villager (Male) |
| 20:55 | Create | Villager (Male) |
| 21:00 | Research | Horse Collar |
| 21:23 | Create | Villager (Male) |
| 21:24 | Create | Villager (Male) |
| 21:24 | Create | Villager (Male) |
| 22:09 | Create | Villager (Male) |
| 22:09 | Create | Villager (Male) |
| 22:09 | Create | Villager (Male) |
| 22:10 | Create | Villager (Male) |
| 22:12 | Create | Villager (Male) |
| 22:13 | Create | Villager (Male) |
| 22:41 | Build | Town Center |
| 22:57 | Build | Town Center |
| 23:03 | Create | Villager (Male) |
| 23:03 | Create | Villager (Male) |
| 23:17 | Build | Farm |
| 23:27 | Create | Villager (Male) |
| 23:27 | Create | Villager (Male) |
| 23:27 | Create | Villager (Male) |
| 23:28 | Create | Villager (Male) |
| 23:47 | Create | Villager (Male) |
| 23:47 | Create | Villager (Male) |
| 23:58 | Build | Donjon |
| 24:04 | Create | Serjeant |
| 24:04 | Create | Serjeant |
| 24:18 | Build | House |
| 24:19 | Build | House |
| 24:19 | Build | House |
| 24:20 | Build | House |
| 24:22 | Build | House |
| 24:23 | Build | House |
| 24:24 | Build | House |
| 24:27 | Build | House |
| 24:33 | Create | Villager (Male) |
| 24:34 | Create | Villager (Male) |
| 24:34 | Create | Villager (Male) |
Match timeline
| 9:12 | Drex3968 · first_building Barracks |
| 9:44 | SMNT-Chifuego · first_building Barracks |
| 9:52 | Henkwersdf · first_building Barracks |
| 10:09 | xMYSTERYMANx · age_up feudal |
| 10:21 | la_machina · age_up feudal |
| 10:38 | riri · first_building Barracks |
| 11:38 | SMNT-Chifuego · age_up feudal |
| 11:44 | Henkwersdf · age_up feudal |
| 11:50 | xMYSTERYMANx · first_building Donjon |
| 12:47 | riri · age_up feudal |
| 13:52 | Vae Victis · age_up feudal |
| 14:35 | Zhukov · age_up feudal |
| 15:06 | SMNT-Chifuego · first_building Siege Workshop |
| 16:14 | xMYSTERYMANx · first_market_sell 500 wood |
| 16:18 | xMYSTERYMANx · first_market_buy 100 food |
| 17:12 | Drex3968 · first_building Archery Range |
| 17:22 | riri · first_building Archery Range |
| 17:34 | Drex3968 · first_market_buy 100 food |
| 18:59 | Henkwersdf · age_up castle |
| 19:12 | Zhukov · age_up castle |
| 19:43 | Vae Victis · first_building Barracks |
| 19:48 | riri · age_up castle |
| 20:01 | la_machina · age_up castle |
| 20:20 | riri · first_market_buy 100 wood |
| 20:23 | xMYSTERYMANx · age_up castle |
| 20:46 | Vae Victis · first_building Archery Range |
| 20:50 | Drex3968 · first_market_sell 100 food |
| 23:05 | Henkwersdf · first_building Stable |
| 23:42 | Vae Victis · age_up castle |
| 24:38 | Drex3968 · first_building Castle |
| 24:49 | la_machina · first_building Barracks |
| 25:14 | SMNT-Chifuego · age_up castle |
| 25:41 | riri · first_building Monastery |
| 26:46 | Zhukov · first_building Castle |
| 26:54 | Vae Victis · first_building Castle |
| 27:05 | Henkwersdf · first_building Monastery |
| 28:26 | Drex3968 · first_building Siege Workshop |
| 29:09 | xMYSTERYMANx · wall_segment Stone Wall x6 |
| 29:15 | SMNT-Chifuego · first_building Castle |
| 29:25 | xMYSTERYMANx · wall_segment Stone Wall x19 |
| 29:29 | xMYSTERYMANx · wall_segment Stone Wall x9 |
| 29:33 | xMYSTERYMANx · wall_segment Stone Wall x13 |
| 29:38 | xMYSTERYMANx · wall_segment Stone Wall x9 |
| 30:18 | la_machina · first_building Castle |
| 30:30 | Henkwersdf · first_building Castle |
| 30:37 | riri · first_building Castle |
| 31:10 | Vae Victis · first_building Siege Workshop |
| 32:06 | Drex3968 · first_building Monastery |
| 32:16 | Zhukov · first_building Barracks |
| 34:13 | xMYSTERYMANx · first_building Castle |
| 35:49 | Zhukov · age_up imperial |
| 35:57 | riri · first_building Siege Workshop |
| 36:06 | riri · first_market_sell 500 wood |
| 36:17 | Henkwersdf · age_up imperial |
| 36:18 | Zhukov · first_market_sell 100 wood |
| 36:41 | la_machina · first_building Stable |
| 37:22 | xMYSTERYMANx · first_building Barracks |
| 37:56 | Vae Victis · age_up imperial |
| 38:56 | SMNT-Chifuego · age_up imperial |
| 39:00 | xMYSTERYMANx · first_building Stable |
| 39:15 | xMYSTERYMANx · age_up imperial |
| 39:23 | riri · age_up imperial |
| 40:20 | Zhukov · first_building Stable |
| 40:55 | SMNT-Chifuego · first_building Monastery |
| 41:52 | SMNT-Chifuego · first_building Archery Range |
| 42:17 | Vae Victis · wall_segment Stone Wall x10 |
| 42:28 | Zhukov · first_building Siege Workshop |
| 42:29 | Vae Victis · wall_segment Stone Wall x8 |
| 42:50 | Vae Victis · wall_segment Stone Wall x8 |
| 43:57 | la_machina · age_up imperial |
| 49:54 | Zhukov · first_building Monastery |
| 55:07 | Vae Victis · first_building Stable |
| 56:08 | Henkwersdf · first_market_sell 500 wood |
| 56:39 | SMNT-Chifuego · first_market_sell 100 wood |
| 59:51 | Henkwersdf · wall_segment Stone Wall x1 |
| 59:53 | Henkwersdf · wall_segment Stone Wall x1 |
| 61:04 | la_machina · first_market_sell 100 wood |
| 61:35 | Henkwersdf · resign |
[ AI ANALYSIS · 1 CREDIT ]
What really happened in this match?
Wolo.gg analyzes every decision: build order, eco, micro, common mistakes by bracket. Personalized analysis on WhatsApp or Discord in 30 seconds.
Civ guide
Japanese
Map guide
Arena
Perfil
Vae Victis